 Dungeon Crawl Stone Soup version 0.27-a0-1281-ge233d83751 (webtiles) character file.

Game seed: 17944786133053823417

329 Delamore the Poker (level 6, -5/51 HPs)
             Began as a Formicid Fighter on June 14, 2021.
             Was an Initiate of Gozag.
             Slain by an orc priest (7 damage)
             ... on level 4 of the Dungeon.
             The game lasted 00:02:20 (2824 turns).

Delamore the Poker (Formicid Fighter)               Turns: 2824, Time: 00:02:21

Health: -5/51      AC:  8    Str: 23    XL:     6   Next: 80%
Magic:  6/6        EV:  8    Int:  7    God:    Gozag
Gold:   206        SH:  9    Dex: 10    Spells: 5/5 levels left

rFire    . . .     SeeInvis +   a - +0 trident
rCold    . . .     Faith    .   c - +0 kite shield
rNeg     . . .     Spirit   .   b - +0 scale mail
rPois    .         Reflect  .   (helmet unavailable)
rElec    .         Harm     .   i - +0 cloak
rCorr    .         Rampage  .   (no gloves)
Will     .....                  (no boots)
Stlth    ..........             (no amulet)
HPRegen  0.17/turn              (no ring)
MPRegen  0.10/turn              (no ring)

@: gold aura
A: permanent stasis, dig shafts and tunnels, antennae 3, four strong arms
a: Dig, Shaft Self, Renounce Religion, Potion Petition, Call Merchant, Bribe
Branch


You were on level 4 of the Dungeon.
You worshipped Gozag.
Gozag was aware of your devotion.
You visited 1 branch of the dungeon, and saw 4 of its levels.

You collected 282 gold pieces.
You paid 76 gold pieces to Gozag.

Inventory:

Hand Weapons
 a - a +0 trident (weapon)
 m - a +0 bardiche
Missiles
 e - 13 poisoned darts
 k - 3 silver boomerangs
Armour
 b - a +0 scale mail (worn)
 c - a +0 kite shield (worn)
 i - a +0 cloak (worn)
Jewellery
 f - a ring of ice
Scrolls
 h - 2 scrolls of magic mapping
Potions
 d - a potion of might
 g - 3 potions of degeneration {unknown}
 j - 2 potions of curing {unknown}
 n - a potion of cancellation {unknown}


   Skills:
 - Level 5.0 Fighting
 * Level 5.7 Polearms
 - Level 3.2 Armour
 - Level 3.6 Shields


You had 5 spell levels left.
You didn't know any spells.
Your spell library was empty.

Dungeon Overview and Level Annotations

Branches:
Dungeon (4/15)
 Temple: D:4-7

Altars:
Gozag
Hepliaklqana
Makhleb


Innate Abilities, Weirdness & Mutations

You cannot be hasted, slowed, berserked, paralysed or teleported.
You can dig through walls and to a lower floor.
You have a pair of large antennae on your head. (SInv)
Your four strong arms can wield two-handed weapons with a shield.


Message History

You are too injured to fight recklessly!
You are too injured to fight recklessly!
You are too injured to fight recklessly!
You are too injured to fight recklessly!
You are too injured to fight recklessly!
You are too injured to fight recklessly!
You are too injured to fight recklessly!
You are too injured to fight recklessly!
You are too injured to fight recklessly!
You are too injured to fight recklessly!
You are too injured to fight recklessly!
You are too injured to fight recklessly!
You are too injured to fight recklessly!
You are too injured to fight recklessly!
You are too injured to fight recklessly!
You are too injured to fight recklessly!
You are too injured to fight recklessly!
The orc priest hits you but does no damage.
The orc priest barely misses you. The hound barely misses you.
You hit the orc priest.
The orc priest is almost dead.
The hound completely misses you. You block the orc priest's attack.
The orc priest begins to cast a cantrip, but forgets the words!
You block the hound's attack.
You hit the orc priest.
You kill the orc priest!
You block the hound's attack.
The orc priest calls down the wrath of Beogh upon you.
Pain shoots through your body! The orc hits you but does no damage.
You closely miss the orc priest. The hound barely misses you.
You block the orc priest's attack. The hound bites you but does no damage.
The orc barely misses you.
The orc priest invokes the aid of Beogh against you.
Pain shoots through your body!
* * * LOW HITPOINT WARNING * * *
You closely miss the orc priest. The hound bites you but does no damage.
The hound barely misses you. You block the orc's attack.
The orc priest hits you with a +0 hand axe!
You die...
Your body crumbles into a pile of gold.

#........... #.
#......[... #.
#......... { #.
#........# #.#.
#........# #.#.
#........# #.#.
#....o...# #.#.
#...oho..# #.#.
#####@#### #.#.
#.#############.#.
#...........).....
###############.##
#..... #.#.##
#.#(.. #.##..
#.####


You could see a hound, an orc priest and 2 orcs.

Vanquished Creatures
  The ghost of Deividuxc the Insei, an amateur DjTm (D:3)
  An orc priest (D:4)
  5 adders
  A worm (D:2)
  A dart slug (D:1)
  An orc (D:3)
  7 ball pythons
  6 endoplasms
  3 giant cockroaches
  7 goblins
  4 hobgoblins
  3 jackals (D:4)
  6 kobolds
  3 quokkas
  5 bats
  3 frilled lizards
  A quokka zombie (D:3)
  2 rats (D:2)
60 creatures vanquished.

Notes
Turn   | Place    | Note
-------+----------+-------------------------------------------
     0 | D:1      | Delamore the Formicid Fighter began the quest for the Orb.
     0 | D:1      | Reached XP level 1. HP: 18/18 MP: 1/1
   168 | D:1      | Reached XP level 2. HP: 24/24 MP: 2/2
   501 | D:1      | Reached XP level 3. HP: 30/30 MP: 3/3
   538 | D:1      | Found a faded altar of an unknown god.
   626 | D:1      | Became a worshipper of Makhleb the Destroyer
   626 | D:1      | Reached * piety under Makhleb
  1245 | D:2      | Reached XP level 4. HP: 24/37 MP: 4/4
  1438 | D:2      | Reached ** piety under Makhleb
  1983 | D:3      | Found a runed translucent gate.
  2017 | D:3      | Found a runed translucent gate.
  2017 | D:3      | Found an opulent altar of Gozag.
  2051 | D:3      | Found a runed translucent gate.
  2053 | D:3      | Noticed Deividuxc's ghost (amateur DjTm)
  2078 | D:3      | Reached XP level 5. HP: 42/42 MP: 5/5
  2087 | D:3      | Killed Deividuxc's ghost
  2088 | D:3      | Reached skill level 5 in Fighting
  2088 | D:3      | Reached skill level 5 in Polearms
  2088 | D:3      | Reached XP level 6. HP: 36/51 MP: 6/6
  2100 | D:3      | Fell from the grace of Makhleb
  2100 | D:3      | Became a worshipper of Gozag Ym Sagoz the Greedy
  2369 | D:3      | Found a hazy altar of Hepliaklqana.
  2823 | D:4      | HP: 2/51 [orc priest/nerve-wracking pain (14)]
  2824 | D:4      | Slain by an orc priest

Illustrated notes

Levels and vault maps discovered:
D:1:      dpeg_arrival_lava_altar, layout_loops_ring, basic_ecumenical_altar,
          serial_park_tiny_1
D:2:      layout_rooms, hangedman_decor_slide_cut, minmay_pentomino_u2
D:3:      layout_basic, overflow_temple_1_default, ebering_ghost_gozag,
          minmay_fractal_squares_5
D:4:      layout_basic, minmay_distorted

Skill      XL: |  1  2  3  4  5 |
---------------+----------------+-----
Polearms       | 3 4 5 |  5.7
Fighting       | 4 5 |  5.0
Armour         | |  3.2
Shields        | |  3.6

Action                   |  1- 3 |  4- 6 || total
-------------------------+-------+-------++-------
Melee: Trident           |   122 |   122 ||   244
 Abil: Dig               |       |     1 ||     1
  Use: Potion            |       |     1 ||     1
       Scroll            |       |     4 ||     4
Armor: Scale mail        |    34 |    75 ||   109
Dodge: Dodged            |    23 |    65 ||    88
Block: Kite shield       |    66 |    83 ||   149

Table legend: (Time is in decaauts)
 A = Elapsed time spent in this place.
 B = Non-inter-level travel time spent in this place.
 C = Inter-level travel time spent in this place.
 D = Time resting spent in this place.
 E = Time spent auto-exploring this place.
 F = Levels seen in this place.
 G = Mean time per level.
                   A        B        C        D        E       F      G
               +--------+--------+--------+--------+--------+-----+--------+
         Total |   2896 |   2725 |    171 |      4 |   2222 |   4 |  724.0 |
       Dungeon |   2896 |   2725 |    171 |      4 |   2222 |   4 |  724.0 |
               +--------+--------+--------+--------+--------+-----+--------+

Top non-repeatable levels by time:
     D:1: 945 daAuts
     D:2: 886 daAuts
     D:3: 679 daAuts
     D:4: 386 daAuts
